 Dungeon Crawl Stone Soup version 0.31-a0-237-g2d982f9f85 (webtiles) character file.

Game seed: 13912433038301655437

71 qw the Shooter (level 4, 0/26 HPs)
             Began as a Gargoyle Hexslinger on July 10, 2023.
             Slain by an orc
             ... wielding a +0 club
              (2 damage)
             ... on level 3 of the Dungeon.
             The game lasted 00:00:45 (1615 turns).

qw the Shooter (Gargoyle Hexslinger)                Turns: 1615, Time: 00:00:46

Health: 0/26       AC:  6    Str: 12    XL:     4   Next: 24%
Magic:  5/5        EV: 12    Int: 13    God:
Gold:   72         SH:  0    Dex: 14    Spells: 4/5 levels left

rFire   . . .        Y - +1 sling
rCold   . . .        (no shield)
rNeg    + . .        c - +0 robe
rPois   inf          (no helmet)
rElec   +            (no cloak)
rCorr   .            f - +0 pair of gloves
SInv    .            (no boots)
Will    .....        (no amulet)
Stlth   +            (no ring)
HPRegen 0.24/turn    (no ring)
MPRegen 0.09/turn

%: no passive effects
@: confused
A: sickness immunity, AC +3, negative energy resistance 1, electricity
resistance, torment resistance 1, petrification resistance
a: no special abilities


You were on level 3 of the Dungeon.
You visited 1 branch of the dungeon, and saw 3 of its levels.

You collected 72 gold pieces.


Innate Abilities, Weirdness & Mutations

You are immune to sickness and miasma.
Your stone body is resilient. (AC +3)
You are immune to poison.
You resist negative energy. (rN+)
You are resistant to electric shocks. (rElec)
You are resistant to unholy torment.
You are immune to petrification.


   Skills:
 - Level 2.0 Fighting
 + Level 4.1 Ranged Weapons
 - Level 1.5 Dodging
 - Level 1.0 Spellcasting
 - Level 2.6 Hexes


You had 4 spell levels left.
You knew the following spells:

 Your Spells              Type           Power      Damage    Failure   Level
a - Slow                  Hex            28%        N/A       10%         1

Your spell library contained the following spells:

 Spells                   Type           Power      Damage    Failure   Level
 Inner Flame              Hex/Fire       4%         N/A       43%         3
 Portal Projectile        Hex/Tloc       8%         N/A       43%         3
 Cause Fear               Hex            3%         N/A       67%         4

Inventory:

Hand Weapons
 Y - a +1 sling (weapon)
Armour
 c - a +0 robe (worn)
 f - a +0 pair of gloves (worn)
Scrolls
 b - a scroll of identify
Potions
 d - a potion of heal wounds {unknown}
 e - a potion of curing {unknown}
 g - a potion of degeneration {unknown}

Dungeon Overview and Level Annotations

Branches:
Dungeon (3/15)

Altars:
Uskayaw


Message History

You hear some strange, mumbled words.
You are confused.
The orc barely misses you. The orc hits you but does no damage.
Something hits you. The orc completely misses you.
The orc hits you with a +0 club. The orc hits you with a +0 club.
Something hits you but does no damage. The orc closely misses you.
Something hits you but does no damage. The orc closely misses you.
The orc misses you. The orc closely misses you.
You hear some strange, mumbled words.
Something tries to affect you, but you resist.
The orc hits you with a +0 club. Something hits you but does no damage.
The orc hits you but does no damage. x2
You feel less confused. Something hits you but does no damage.
The orc hits you with a +0 club. x2
You shoot a sling bullet.
The sling bullet hits the orc but does no damage.
The orc hits you but does no damage. Something hits you.
The orc closely misses you.
You shoot a sling bullet.
The sling bullet closely misses the orc.
Something hits you. The orc hits you with a +0 club. The orc misses you.
You shoot a sling bullet. The sling bullet hits the orc.
The orc is heavily wounded.
Something hits you but does no damage. The orc barely misses you.
The orc hits you but does no damage.
You shoot a sling bullet.
The sling bullet hits the orc but does no damage.
The orc is heavily wounded.
The orc completely misses you.
You hear some strange, mumbled words.
You are confused.
The orc hits you but does no damage. Something hits you but does no damage.
The orc hits you but does no damage. The orc hits you with a +0 club.
You hear some strange, mumbled words.
You are more confused.
The orc completely misses you. The orc hits you with a +0 club.
You die...

#.....#
#.....#######
####.....##....#
...........<##.#
...####.######.#
#.......#...#
#.#._.#.#####..
#......o#......
.........@o)#
......8..){.#
##..8...8...#
#..........#
#.8.....8..#
....(......#
...8...8....
...!8.....##


You could see 2 orcs.

Vanquished Creatures
  2 adders (D:2)
  2 orcs (D:3)
  2 ball pythons (D:1)
  3 endoplasms
  2 giant cockroaches
  4 goblins (D:1)
  9 hobgoblins
  6 jackals
  2 kobolds
  3 quokkas (D:1)
  3 bats
  A frilled lizard (D:2)
  3 rats (D:1)
42 creatures vanquished.

Notes
Turn   | Place    | Note
-------+----------+-------------------------------------------
     0 | D:1      | qw the Gargoyle Hexslinger began the quest for the Orb.
     0 | D:1      | Reached XP level 1. HP: 12/12 MP: 2/2
     0 | D:1      | 0 ||| qw: Version: 0.3-a-52-g30416fa
     0 | D:1      | 0 ||| qw: Game counter: 5008
     0 | D:1      | 0 ||| qw: Melee chars always use a shield: true
     0 | D:1      | 0 ||| qw: God list: Okawaru
     0 | D:1      | 0 ||| qw: Allow faded altars: false
     0 | D:1      | 0 ||| qw: Do Orc after clearing Dungeon:15 true
     0 | D:1      | 0 ||| qw: Do second Lair branch before Depths: true
     0 | D:1      | 0 ||| qw: Lair rune preference: random
     0 | D:1      | 0 ||| qw: Goals: Normal
     0 | D:1      | 0 ||| PLANNING D:1-11
   159 | D:1      | Reached XP level 2. HP: 9/16 MP: 3/3
   201 | D:1      | Reached skill level 3 in Ranged Weapons
   274 | D:1      | 274 ||| FLEEEEING.
   275 | D:1      | 275 ||| FLEEEEING.
   278 | D:1      | 278 ||| FLEEEEING.
   279 | D:1      | 279 ||| FLEEEEING.
   280 | D:1      | 280 ||| FLEEEEING.
   281 | D:1      | 281 ||| FLEEEEING.
   282 | D:1      | 282 ||| FLEEEEING.
   283 | D:1      | 283 ||| FLEEEEING.
   286 | D:1      | 286 ||| FLEEEEING.
   289 | D:1      | 289 ||| FLEEEEING.
   290 | D:1      | 290 ||| FLEEEEING.
   291 | D:1      | 291 ||| FLEEEEING.
   292 | D:1      | 292 ||| FLEEEEING.
   293 | D:1      | 293 ||| FLEEEEING.
   297 | D:1      | 297 ||| FLEEEEING.
   298 | D:1      | 298 ||| FLEEEEING.
   299 | D:1      | 299 ||| FLEEEEING.
   300 | D:1      | 300 ||| FLEEEEING.
   517 | D:1      | Reached XP level 3. HP: 21/21 MP: 4/4
   835 | D:1      | 835 ||| READING scroll labelled ONWEOD NYMUHUV.
   836 | D:1      | 836 ||| READING scroll labelled SUROTS AGOU.
   837 | D:1      | 837 ||| DROPPING scroll of poison.
  1294 | D:2      | Reached skill level 4 in Ranged Weapons
  1294 | D:2      | Reached XP level 4. HP: 25/26 MP: 5/5
  1502 | D:2      | 1502 ||| UPGRADING to +0 pair of gloves.
  1507 | D:2      | 1507 ||| READING scroll labelled NEKAINT JEBEUNN.
  1585 | D:3      | Found a hide-covered altar of Uskayaw.
  1611 | D:3      | HP: 5/26 [something (2)]
  1614 | D:3      | HP: 2/26 [orc/+0 club (2)]
  1615 | D:3      | Slain by an orc

Levels and vault maps discovered:
D:1:      roderic_crop_circles_arrival_large, layout_basic
D:2:      layout_basic, dreamdust_princess_bridge
D:3:      minmay_chambers_of_twos, layout_basic, mainiacjoe_overflow_alcove_4,
          general_overflow_altar, okawaru_ov_weapons_minmay,
          nicolae_uskayaw_dance_hall, serial_curves, eino_curves_01,
          eino_curves_02, eino_curves_03

Skill      XL: |  1  2  3 |
---------------+----------+-----
Ranged Weapons | 3 4 |  4.1
Fighting       | 2 |  2.0
Dodging        | |  1.5
Spellcasting   | |  1.0
Hexes          | |  2.6

Action                     |  1- 3 |  4- 6 || total
---------------------------+-------+-------++-------
   Fire: Sling             |   134 |    20 ||   154
    Use: Scroll            |     2 |     1 ||     3
 Armour: Robe              |    33 |    20 ||    53
  Dodge: Dodged            |    44 |    17 ||    61

Table legend:
 A = Non-vault XP
 B = Vault XP
 C = Vault XP percentage of total XP
 D = Non-vault monster count
 E = Vault monster count
 F = Vault count percentage of total count
                 A         B        C        D         E       F
            +---------+---------+-------+---------+---------+-------
      Total |     102 |       0 |   0.0 |      42 |       0 |   0.0
            +---------+---------+-------+---------+---------+-------
        D:1 |      46 |       0 |   0.0 |      25 |       0 |   0.0
        D:2 |      48 |       0 |   0.0 |      14 |       0 |   0.0
        D:3 |       8 |       0 |   0.0 |       3 |       0 |   0.0
            +---------+---------+-------+---------+---------+-------
